 Dungeon Crawl Stone Soup version 0.31.0-11-ge490571c62 (webtiles) character file.

Game seed: 1554674035848174365

67 solopath the Ruffian (level 3, -4/27 HPs)
             Began as a Demonspawn Shapeshifter on Feb 3, 2024.
             Killed from afar by an orc wizard (5 damage)
             ... with a magic dart
             ... on level 2 of the Dungeon.
             The game lasted 00:01:40 (1840 turns).

solopath the Ruffian (Demonspawn Shapeshifter)      Turns: 1840, Time: 00:01:42

Health: -4/27      AC:  2    Str: 19 (22) XL:     3   Next: 98%
Magic:  3/3        EV: 12    Int:  7 (10) God:
Gold:   121        SH:  0    Dex:  9 (12) Spells: 2/2 levels left

rFire   . .          .
                       - Unarmed
rCold   . . .        (no shield)
rNeg    . . .        a - +0 animal skin
rPois   +            (helmet currently unavailable)
rElec   .            (cloak currently unavailable)
rCorr   .            (gloves currently unavailable)
SInv    .            (boots currently unavailable)
Will    .....        (no amulet)
Stlth   +            m - ring "Qis Epsu" {rPois Str+6 Slay+2}
HPRegen 0.24/turn    (no ring)
MPRegen 0.16/turn

%: no passive effects
@: confused, beast-form
A: beast (slay +1), magic regeneration, weakness stinger 1
a: Begin Untransformation


You were on level 2 of the Dungeon.
You were a hulking beast.
You visited 1 branch of the dungeon, and saw 3 of its levels.

You collected 121 gold pieces.

Inventory:

Armour
 a - a +0 animal skin (worn)
Jewellery
 m - the ring "Qis Epsu" (left hand) {rPois Str+6 Slay+2}
   (You found it on level 2 of the Dungeon)

   [ring of strength]

   Str+6:     It affects your strength (+6).
   Slay+2:    It affects your accuracy & damage with ranged weapons and melee
   (+2).
   rPois:     It protects you from poison
Talismans
 c - a beast talisman
 d - a flux talisman
Scrolls
 e - a scroll of identify {unknown}
 g - a scroll of enchant weapon {unknown}
 j - a scroll of fog {unknown}
 k - a scroll of amnesia {unknown}
 n - a scroll of silence {unknown}
Potions
 b - a potion of lignification
 h - a potion of invisibility {unknown}
 i - a potion of brilliance {unknown}
 l - a potion of curing {unknown}
 o - a potion of mutation {unknown}


   Skills:
 + Level 2.0 Fighting
 - Level 1.7 Dodging
 * Level 3.7 Unarmed Combat
 + Level 3.1 Shapeshifting


You had 2 spell levels left.
You didn't know any spells.
Your spell library contained the following spells:

 Spells                   Type           Power      Damage    Failure   Level
 Hailstorm                Conj/Ice       0%         3d5       80%         3
 Summon Ice Beast         Ice/Summ       0%         N/A       80%         3
 Sculpt Simulacrum        Ice/Alch       0%         N/A       100%        6


Dungeon Overview and Level Annotations

Branches:
Dungeon (3/15)

Altars:


Innate Abilities, Weirdness & Mutations

You are a hulking beast.
Your limbs bulge with bestial killing power. (Slay +1)
You regenerate magic rapidly.
You have a small tail.


Message History

You hear some strange, mumbled words.
A magic dart appears from out of thin air!
The magic dart hits you. Something hits you.
There is a stone staircase leading up, spattered with blood here.
Something hits you.
In your confused state, you trip and fall back down the stairs.
Something hits you but does no damage.
Unknown command.
Something hits you.
* * * LOW HITPOINT WARNING * * *
You climb upwards.
Reactivating autopickup.
There is a stone staircase leading down here.
Unknown command.
You bump into the rock wall.
You feel less confused. Something hits you.
* * * LOW HITPOINT WARNING * * *
Deactivating autopickup; reactivate with Ctrl-A.
Something hits you.
* * * LOW HITPOINT WARNING * * *
An orc wizard appears from thin air!
Reactivating autopickup.
The orc wizard points at you and mumbles some strange words.
You are confused.
The orc wizard casts a spell.
The orc wizard flickers and vanishes!
Deactivating autopickup; reactivate with Ctrl-A.
You're too confused to move!
You bump into the rock wall.
You completely miss something. Something hits you.
* * * LOW HITPOINT WARNING * * *
It was a potion of degeneration.
There was something very wrong with that liquid.
You feel weakened.
You feel dopey.
You feel clumsy.
You hear some strange, mumbled words.
A magic dart appears from out of thin air!
The magic dart hits you.
You die...

####...............#.#
#..........###+#####.#
###..........# #.# #.#
.............# #.# #.#
###..........###.#####.#
#.....................#
#.###..########.####### #.#
#...##### #.# #.#
###.....###h############### #.#
#####..##{#.............#
#.##########.##.#.............#
#.##.........>..'.............#
##.##..........###.............#
...##(.........# #.............#
#####..........###.............#
.................'.............#
#####..........###.............#


There were no monsters in sight!

Vanquished Creatures
  2 adders (D:2)
  3 dart slugs
  A ribbon worm (D:2)
  An orc (D:3)
  7 bats
  3 endoplasms
  2 giant cockroaches
  6 goblins
  2 hobgoblins
  2 quokkas (D:1)
  5 ball pythons
  2 frilled lizards (D:2)
  3 kobolds
  3 rats
42 creatures vanquished.

Notes
Turn   | Place    | Note
-------+----------+-------------------------------------------
     0 | D:1      | solopath the Demonspawn Shapeshifter began the quest for
                  | the Orb.
     0 | D:1      | Reached XP level 1. HP: 15/15 MP: 1/1
   212 | D:1      | Gained mutation: You regenerate magic rapidly. [demonic
                  | ancestry]
   212 | D:1      | Reached XP level 2. HP: 21/21 MP: 2/2
   798 | D:2      | Gained mutation: You have a small tail. [demonic ancestry]
   798 | D:2      | Reached XP level 3. HP: 25/27 MP: 3/3
   909 | D:2      | Identified the +5 short sword "Killer Klown's Death" {elec,
                  | ^Contam Will++}
  1090 | D:2      | Identified the ring "Qis Epsu" {rPois Str+6 Slay+2}
  1839 | D:2      | HP: 1/27 [something (4)]
  1840 | D:2      | Killed from afar by an orc wizard

Illustrated notes

Levels and vault maps discovered:
D:1:      roderic_crop_circles_arrival_small, layout_loops_ring,
          hangedman_abyss_or_decor_stabs
D:2:      layout_basic
D:3:      layout_loops_ring, hellmonk_overflow_destroyed_library,
          lemuel_doored_altar, mainiacjoe_overflow_chevrons

Skill      XL: |  1  2  3 |
---------------+----------+-----
Unarmed Combat | 3 |  3.7
Shapeshifting  | 3 |  3.1
Fighting       | 2 |  2.0
Dodging        | |  1.7

Action                     || total
---------------------------++-------
  Melee: Unarmed           ||   127
         Tailslap          ||     5
         Punch             ||     2
    Use: Potion            ||     1
   Stab: Sleeping          ||     5
 Armour: Animal skin       ||    72
  Dodge: Dodged            ||    77
